 Seeded DCSS version 0.31-a0-214-gb37851dbb3 (webtiles) character file.

Game seed: 17612545735370830489 (custom seed)

171 innerfire43 the Trooper (level 5, -2/42 HPs)
             Began as a Demonspawn Monk on July 1, 2023.
             Slain by a gnoll
             ... wielding a +0 halberd
              (14 damage)
             ... on level 3 of the Dungeon.
             The game lasted 00:04:35 (1903 turns).

innerfire43 the Trooper (Demonspawn Monk)           Turns: 1903, Time: 00:04:36

Health: -2/42      AC:  8    Str: 12    XL:     5   Next: 26%
Magic:  5/5        EV:  7    Int: 17    God:
Gold:   119        SH:  0    Dex: 15    Spells: 4/4 levels left

rFire   . . .        k - +0 rapier (elec)
rCold   . . .        i - +10 tower shield of Ignorance {rN+ Int-4}
rNeg    + + .        j - +2 leather armour of Impatience {rN+ Stlth+}
rPois   .            (helmet restricted)
rElec   .            q - +2 cloak
rCorr   .            (no gloves)
SInv    +            (no boots)
Will    .....        (no amulet)
Stlth   ++           f - +6 ring of intelligence
HPRegen 0.27/turn    m - ring of see invisible
MPRegen 0.09/turn

%: no passive effects
@: confused, ambrosia-drunk
A: powered by death 1, powered by pain 1, weakness stinger 1, horns 1, clever 1
a: no special abilities


You were on level 3 of the Dungeon.
You visited 1 branch of the dungeon, and saw 3 of its levels.

You collected 1182 gold pieces.
You spent 1063 gold pieces at shops.

Inventory:

Hand Weapons
 a - a +0 mace
 k - a +0 rapier of electrocution (weapon)
 r - a +4 quarterstaff of chaos
Armour
 b - a +0 robe
 d - an orb of light
 i - the +10 tower shield of Ignorance (worn) {rN+ Int-4}
   (You bought it in a shop on level 1 of the Dungeon)

   Int:       It affects your intelligence (-4).
   rN:        It protects you from negative energy.
 j - the +2 leather armour of Impatience (worn) {rN+ Stlth+}
   (You bought it in a shop on level 1 of the Dungeon)

   rN:        It protects you from negative energy.
   Stlth:     It makes you more stealthy.
 q - a +2 cloak (worn)
Jewellery
 f - a +6 ring of intelligence (left hand)
 m - a ring of see invisible (right hand)
Scrolls
 g - a scroll of torment {unknown}
 h - a scroll of fear {unknown}
 n - a scroll of revelation {unknown}
 p - 3 scrolls of amnesia {unknown}
 s - a scroll of butterflies {unknown}
Potions
 c - 2 potions of ambrosia
 e - a potion of brilliance
 l - a potion of heal wounds {unknown}
 o - a potion of degeneration {unknown}


   Skills:
 + Level 4.0 Fighting
 + Level 2.5 Short Blades
 - Level 2.9 Maces & Flails
 - Level 3.4 Dodging
 * Level 1.2 Shields


You had 4 spell levels left.
You didn't know any spells.
Your spell library contained the following spells:

 Spells                   Type           Power      Damage    Failure   Level
 Slow                     Hex            0%         N/A       100%        1
 Confusing Touch          Hex            0%         N/A       100%        3
 Dazzling Flash           Conj/Hex       0%         N/A       100%        3
 Vampiric Draining        Necr           0%         2d6       100%        3
 Volatile Blastmotes      Fire/Tloc      0%         2d10      100%        3
 Fulminant Prism          Conj/Hex       0%         3d5       100%        4
 Iskenderun's Mystic Bla  Conj/Tloc      0%         2d3       100%        4
 Agony                    Necr           0%         N/A       100%        5
 Lee's Rapid Deconstruct  Erth           0%         3d4*      100%        5
 Silence                  Hex/Air        0%         N/A       100%        5


Dungeon Overview and Level Annotations

Branches:
Dungeon (3/15)

Altars:

Shops:
D:1 ([??


Innate Abilities, Weirdness & Mutations

You regenerate a little health from kills.
You sometimes gain a little power by taking damage.
You have a small tail.
You have a pair of small horns on your head.
Your mind is acute. (Int +4, Str/Dex -1)


Message History

You hit the gnoll. You headbutt the gnoll.
The gnoll is severely wounded.
You block the gnoll's attack. x2
You barely miss the gnoll. Your headbutt misses the gnoll.
The gnoll is severely wounded.
You block the gnoll's attack.
The gnoll hits you from afar with a +0 halberd.
The rat twitches its whiskers.
You block the gnoll's attack. The gnoll hits you with a +0 halberd.
Unknown command.
You hit the gnoll. You tail-slap the gnoll.
The gnoll is almost dead.
You block the gnoll's attack. x2
Unknown command.
You barely miss the gnoll.
The gnoll is almost dead.
The gnoll hits you from afar with a +0 halberd.
You block the gnoll's attack. x3
You hit the gnoll.
You kill the gnoll!
You block the gnoll's attack. x3
Unknown command.
You are confused.
You feel invigorated. The gnoll closely misses you.
The gnoll barely misses you.
Unknown command.
You puncture the gnoll!
The gnoll is heavily wounded.
The gnoll hits you from afar with a +0 halberd!
The gnoll hits you with a +0 whip!
* * * LOW HITPOINT WARNING * * *
You miss the gnoll.
You headbutt the gnoll, but do no damage.
You tail-slap the gnoll.
The gnoll is almost dead.
The gnoll hits you but does no damage.
The gnoll hits you from afar with a +0 halberd!
* * * LOW HITPOINT WARNING * * *
The gnoll hits you from afar with a +0 halberd!
You die...

##.... .....P
..PP♣♣.
##...PP..
#..=PP._.
#.....♣P.
########r†.PPPPP
#.....@ggr....PP
#....###g$......
#....# #.....#..
#....###.......)
########
##....###.....#.
.......# #....#
.....# ######.#
#....###.....#
.# #.##
#....#........
.#
#..####....#.#


You could see 3 gnolls, a quokka and a rat.

Vanquished Creatures
  Crazy Yiuf (D:2)
  Robin (D:2)
  5 adders (D:3)
  A gnoll (D:3)
  A worm (D:3)
  2 dart slugs (D:2)
  4 bats
  2 endoplasms (D:2)
  3 giant cockroaches (D:2)
  15 goblins
  5 hobgoblins
  3 jackals (D:3)
  13 kobolds
  A quokka (D:3)
  2 ball pythons (D:2)
  2 frilled lizards
  6 rats
67 creatures vanquished.

Notes
Turn   | Place    | Note
-------+----------+-------------------------------------------
     0 | D:1      | innerfire43 the Demonspawn Monk began the quest for the
                  | Orb.
     0 | D:1      | Reached XP level 1. HP: 18/18 MP: 1/1
    23 | D:1      | Found Wezuit Hoju's Antique Weapon Shoppe.
    73 | D:1      | Found Apnaij's Armour Emporium.
   107 | D:1      | Found Raxki's Magic Scroll Shop.
   172 | D:1      | Gained mutation: You sometimes gain a little power by
                  | taking damage. [demonic ancestry]
   172 | D:1      | Reached XP level 2. HP: 24/24 MP: 2/2
   247 | D:1      | Found Irownig's Magic Scroll Shoppe.
   248 | D:1      | Identified a scroll of acquirement
   248 | D:1      | Acquired 960 gold pieces
   443 | D:1      | Bought the +10 tower shield of Ignorance {rN+ Int-4} for
                  | 630 gold pieces
   443 | D:1      | Found the +10 tower shield of Ignorance {rN+ Int-4}
   443 | D:1      | Bought the +2 leather armour of Impatience {rN+ Stlth+} for
                  | 286 gold pieces
   585 | D:1      | Bought a glowing rapier for 147 gold pieces
   635 | D:2      | Noticed Robin
   661 | D:2      | Killed Robin
   662 | D:2      | Reached skill level 1 in Short Blades
   662 | D:2      | Gained mutation: You have a small tail. [demonic ancestry]
   662 | D:2      | Reached XP level 3. HP: 22/29 MP: 3/3
   887 | D:2      | Found a runed translucent door.
   888 | D:2      | Noticed Crazy Yiuf
  1063 | D:2      | Reached XP level 4. HP: 36/36 MP: 4/4
  1194 | D:2      | Killed Crazy Yiuf
  1280 | D:2      | Gained mutation: You have sharp fingernails. [potion of
                  | mutation]
  1629 | D:3      | Lost mutation: You have sharp fingernails. [potion of
                  | mutation]
  1629 | D:3      | Gained mutation: Your mind is acute. (Int +4, Str/Dex -1)
                  | [potion of mutation]
  1629 | D:3      | Gained mutation: You have a pair of small horns on your
                  | head. [potion of mutation]
  1711 | D:3      | Gained mutation: You regenerate a little health from kills.
                  | [demonic ancestry]
  1711 | D:3      | Reached XP level 5. HP: 42/42 MP: 5/5
  1774 | D:3      | Reached skill level 1 in Shields
  1878 | D:3      | Found a faded altar of an unknown god.
  1892 | D:3      | Reached skill level 4 in Fighting
  1903 | D:3      | Slain by a gnoll

Illustrated notes

Levels and vault maps discovered:
D:1:      grunt_arrival_crossed_arrows, layout_rooms, serial_shops,
          nicolae_shop_tiny_real_fake_doors, shop, nicolae_shop_tiny_waterfront,
          shop_coins
D:2:      layout_loops_cross, uniq_crazy_yiuf_cottage, uniq_robin
D:3:      layout_basic, gammafunk_ghost_smash, dreamdust_ecumenical_altar_grove

Skill      XL: |  1  2  3  4  5 |
---------------+----------------+-----
Dodging        | 3 |  3.4
Short Blades   | 1 2 |  2.5
Shields        | 1 |  1.2
Fighting       | 4 |  4.0
Maces & Flails | |  2.9

Action                     |  1- 3 |  4- 6 || total
---------------------------+-------+-------++-------
  Melee: Mace              |    15 |       ||    15
         Rapier            |    75 |    60 ||   135
         Tailslap          |     2 |     4 ||     6
         Headbutt          |       |     4 ||     4
    Use: Scroll            |     1 |     3 ||     4
         Potion            |     1 |     3 ||     4
   Stab: Sleeping          |     6 |     5 ||    11
         Distracted        |       |     1 ||     1
 Armour: Robe              |     4 |       ||     4
         Leather armour    |    20 |    13 ||    33
  Dodge: Dodged            |    23 |    17 ||    40
  Block: Tower shield      |   109 |    80 ||   189

Table legend: (Time is in decaauts)
 A = Elapsed time spent in this place.
 B = Non-inter-level travel time spent in this place.
 C = Inter-level travel time spent in this place.
 D = Time resting spent in this place.
 E = Time spent auto-exploring this place.
 F = Levels seen in this place.
 G = Mean time per level.
                   A        B        C        D        E       F      G
               +--------+--------+--------+--------+--------+-----+--------+
         Total |   1992 |   1623 |    369 |      0 |   1120 |   3 |  664.0 |
       Dungeon |   1992 |   1623 |    369 |      0 |   1120 |   3 |  664.0 |
               +--------+--------+--------+--------+--------+-----+--------+

Top non-repeatable levels by time:
     D:2: 804 daAuts
     D:1: 719 daAuts
     D:3: 468 daAuts
